 Dungeon Crawl Stone Soup version 0.31-a0-841-g038b102fc3 (webtiles) character file.

Game seed: 11269154044883967453

5 pokeman the Magician (level 1, -1/10 HPs)
             Began as a Deep Elf Hedge Wizard on Sept 27, 2023.
             Killed from afar by a dart slug (4 damage)
             ... with a slug dart
             ... on level 1 of the Dungeon.
             The game lasted 00:00:19 (102 turns).

pokeman the Magician (Deep Elf Hedge Wizard)         Turns: 102, Time: 00:00:20

Health: -1/10      AC:  2    Str:  7    XL:     1   Next: 66%
Magic:  2/8        EV: 12    Int: 18    God:
Gold:   0          SH:  0    Dex: 14    Spells: 8/9 levels left

rFire   . . .        a - +0 dagger
rCold   . . .        (no shield)
rNeg    . . .        b - +0 robe
rPois   .            c - +0 hat
rElec   .            (no cloak)
rCorr   .            (no gloves)
SInv    .            (no boots)
Will    .....        (no amulet)
Stlth   ++           (no ring)
HPRegen 0.21/turn    (no ring)
MPRegen 0.11/turn

%: no passive effects
@: no status effects
A: no striking features
a: no special abilities


You were on level 1 of the Dungeon.
You visited 1 branch of the dungeon, and saw 1 of its levels.

Inventory:

Hand Weapons
 a - a +0 dagger (weapon)
Armour
 b - a +0 robe (worn)
 c - a +0 hat (worn)
Potions
 d - a potion of magic


   Skills:
 + Level 0.2 Fighting
 + Level 0.2 Armour
 - Level 2.4 Dodging
 - Level 2.4 Stealth
 * Level 4.6 Spellcasting
 + Level 1.2 Conjurations
 - Level 1.1 Summonings
 - Level 1.1 Translocations


You had 8 spell levels left.
You knew the following spells:

 Your Spells              Type           Power      Damage    Failure   Level
a - Magic Dart            Conj           32%        1d4       9%          1

Your spell library contained the following spells:

 Spells                   Type           Power      Damage    Failure   Level
 Blink                    Tloc           16%        N/A       13%         2
 Call Imp                 Summ           16%        N/A       13%         2
 Slow                     Hex            16%        N/A       14%         1
 Cigotuvi's Dreadful Rot  Necr/Pois/Air  8%         N/A       22%         2
 Mephitic Cloud           Conj/Pois/Air  5%         N/A       34%         3


Dungeon Overview and Level Annotations

Branches:
Dungeon (1/15)

Altars:


Message History

Press: ? - help, Shift-Dir - straight line, f/p - dart slug
Aim: a dart slug (lightly wounded, 100% to hit)
You miscast Magic Dart.
You are very lightly contaminated with residual magic.
Nothing appears to happen.
The kobold hits you with a +0 short sword.
* * * LOW HITPOINT WARNING * * *
Casting: Magic Dart (safe; 9% risk of failure)
Confirm with . or Enter, or press ? or * to list all spells.
Aiming: Magic Dart (safe; 9% risk of failure)
Press: ? - help, Shift-Dir - straight line, f/p - dart slug
Aim: a dart slug (lightly wounded, 100% to hit)
The magic dart hits the kobold.
You kill the kobold!
Unknown command.
You hit the rat.
You kill the rat!
The dart slug launches a dart at you. The slug dart hits you.
* * * LOW HITPOINT WARNING * * *
The dart slug bites you but does no damage.
Things that are here:
a +0 short sword; a kobold corpse; a giant cockroach corpse Unknown command.
You hit the dart slug.
The dart slug is moderately wounded.
You hit the dart slug but do no damage.
The dart slug is moderately wounded.
The dart slug barely misses you.
You hit the dart slug but do no damage.
The dart slug is moderately wounded.
The dart slug bites you but does no damage.
Your magical contamination has completely faded away.
You hit the dart slug but do no damage.
The dart slug is moderately wounded.
You hit the dart slug but do no damage.
The dart slug is moderately wounded.
The dart slug launches a dart at you. The slug dart hits you.
You die...

#...♣.........
#....8........
#.............
#.............
#.....<........##
#...............###
##.##......).......
#......#####....#
#.###@#####..#...
.. #.w.#......# #.
####........## #
..............#####
#####.#.#..##......
#.#............
#..........###
.....###.$##...#
##.## ..... ....


You could see a dart slug.

Vanquished Creatures
  2 endoplasms (D:1)
  A giant cockroach (D:1)
  A kobold (D:1)
  A rat (D:1)
5 creatures vanquished.

Notes
Turn   | Place    | Note
-------+----------+-------------------------------------------
     0 | D:1      | pokeman the Deep Elf Hedge Wizard began the quest for the
                  | Orb.
     0 | D:1      | Reached XP level 1. HP: 10/10 MP: 7/7
   102 | D:1      | Killed from afar by a dart slug

Illustrated notes

Levels and vault maps discovered:
D:1:      wander_arrival_lonely_grave, layout_rooms,
          hellmonk_ecumenical_altar_defaced_shrine

Action                     || total
---------------------------++-------
  Melee: Dagger            ||    16
   Cast: Magic Dart        ||    11
 Armour: Robe              ||    16
  Dodge: Dodged            ||     8

Table legend: (Time is in decaauts)
 A = Elapsed time spent in this place.
 B = Non-inter-level travel time spent in this place.
 C = Inter-level travel time spent in this place.
 D = Time resting spent in this place.
 E = Time spent auto-exploring this place.
 F = Levels seen in this place.
 G = Mean time per level.
                   A        B        C        D        E       F      G
               +--------+--------+--------+--------+--------+-----+--------+
         Total |    102 |    102 |      0 |      0 |     62 |   1 |  102.0 |
       Dungeon |    102 |    102 |      0 |      0 |     62 |   1 |  102.0 |
               +--------+--------+--------+--------+--------+-----+--------+

Top non-repeatable levels by time:
     D:1: 102 daAuts
